 Dungeon Sprint DCSS version 0.28.0-45-g0d030f2227 (webtiles) character file.

Game seed: 10203697951139988174

571 McKennaii the Fighter (level 6, 0/62 HPs)
             Began as a Demigod Fighter on Apr 18, 2022.
             Slain by a wyvern (3 damage)
             ... in the Dungeon (Sprint IX: "|||||||||||||||||||||||||||||").
             The game lasted 00:01:44 (309 turns).

McKennaii the Fighter (Demigod Fighter)              Turns: 309, Time: 00:01:45

Health: 0/62       AC: 18    Str: 28    XL:     6   Next: 86%
Magic:  8/8        EV:  7    Int: 10    God:
Gold:   0          SH:  0    Dex: 16    Spells: 5/5 levels left

rFire   . . .      SeeInvis .   n - +2 halberd (protect)
rCold   . . .      Faith    .   (shield currently unavailable)
rNeg    . . .      Spirit   .   p - +0 plate armour
rPois   .          Reflect  .   (no helmet)
rElec   .          Harm     .   (no cloak)
rCorr   .          Rampage  .   (no gloves)
Will    .....      NoTele   +   o - +0 pair of boots
Stlth   ..........              (no amulet)
HPRegen 0.20/turn               q - +3 ring of dexterity
MPRegen 0.11/turn               r - +3 ring of strength

@: corroded, under a protective aura
A: high MP 1, forlorn, divine attributes
a: no special abilities


You were in the Dungeon.
You visited 1 branch

Inventory:

Hand Weapons
 a - a +0 trident
 n - a +2 halberd of protection (weapon)
Armour
 b - a +0 scale mail
 c - a +0 buckler
 o - a +0 pair of boots (worn)
 p - a +0 plate armour (worn)
Jewellery
 q - a +3 ring of dexterity (left hand)
 r - a +3 ring of strength (right hand)
Wands
 m - a wand of iceblast (10)
Scrolls
 j - 2 scrolls of blinking
 l - 2 scrolls of amnesia
Potions
 d - a potion of might
 e - 3 potions of curing
 f - 2 potions of heal wounds
 g - a potion of haste
 h - 4 potions of magic
 i - a potion of berserk rage
 k - a potion of invisibility


   Skills:
 + Level 8.7 Fighting
 + Level 8.4 Polearms
 + Level 8.6 Armour
 - Level 2.6 Shields


You had 5 spell levels left.
You didn't know any spells.
Your spell library was empty.

Dungeon Overview and Level Annotations

Branches:
Dungeon (1/1)


Innate Abilities, Weirdness & Mutations

You have an increased reservoir of magic. (+10% MP)
You shall have no god before yourself.
Your divine heritage dramatically boosts your attributes as you level up.


Message History

The splash of acid hits you.
* * * LOW HITPOINT WARNING * * *
The acid corrodes you!
Unknown command.
You hit the acid dragon.
The acid dragon is lightly wounded.
The acid dragon barely misses you.
The acid dragon claws you but does no damage.
Unknown command.
You slash the acid dragon!
The acid dragon is severely wounded.
The acid dragon spits acid at you. The splash of acid hits you!
* * * LOW HITPOINT WARNING * * *
Unknown command.
You feel much better.
The acid dragon bites you but does no damage.
The acid dragon claws you.
You impale the acid dragon!!
You kill the acid dragon!
The wyvern bites you!
* * * LOW HITPOINT WARNING * * *
Your Polearms skill increases to level 8!
Unknown command.
You hit the wyvern but do no damage. The wyvern closely misses you.
The wyvern bites you!
* * * LOW HITPOINT WARNING * * *
You slash the wyvern!
The wyvern is heavily wounded.
The wyvern bites you but does no damage.
You puncture the wyvern!
The wyvern is severely wounded.
The wyvern closely misses you. x2
Unknown command.
You hit the wyvern.
The wyvern is almost dead.
The wyvern bites you.
* * * LOW HITPOINT WARNING * * *
The wyvern bites you.
You die... ▓▓▓▓▓▓▓▓▓▓▓▓▓▓▓▓▓▓▓▓▓▓▓▓ +.....l@...[..)..'______ ▓▓▓▓▓▓▓▓▓▓▓▓▓▓▓▓▓▓▓▓▓▓▓▓

You could see a wyvern.

Vanquished Creatures
  A wraith (D)
  An acid dragon (D)
  A necrophage (D)
  A centaur (D)
  2 killer bees (D)
  2 iguanas (D)
  An adder (D)
  An adder zombie (D)
  An endoplasm (D)
  A hobgoblin (D)
  A kobold (D)
  A bat (D)
  A rat (D)
15 creatures vanquished.

Notes
Turn   | Place    | Note
-------+----------+-------------------------------------------
     0 | D        | McKennaii the Demigod Fighter began the quest for the Orb.
     0 | D        | Reached XP level 1. HP: 18/18 MP: 3/3
    25 | D        | Noticed an iguana
    25 | D        | Noticed an iguana
    25 | D        | Noticed a necrophage
    34 | D        | Killed a necrophage
    35 | D        | Reached skill level 5 in Fighting
    35 | D        | Reached skill level 5 in Armour
    35 | D        | Reached XP level 2. HP: 25/29 MP: 4/4
    35 | D        | Reached XP level 3. HP: 31/36 MP: 5/5
    35 | D        | Reached XP level 4. HP: 36/42 MP: 6/6
    50 | D        | Reached skill level 5 in Polearms
   275 | D        | Noticed a wyvern
   275 | D        | Noticed an acid dragon
   275 | D        | Noticed a wraith
   275 | D        | Noticed a centaur
   285 | D        | Reached XP level 5. HP: 32/51 MP: 7/7
   286 | D        | Killed a centaur
   294 | D        | Killed a wraith
   295 | D        | Reached XP level 6. HP: 21/61 MP: 8/8
   305 | D        | Killed an acid dragon
   309 | D        | HP: 3/62 [wyvern (6)]
   309 | D        | Slain by a wyvern

Illustrated notes

Levels and vault maps discovered:
D:        linesprint [early_d, line_temple, items_1, d_10, items_2, lair_1,
          lair_end, items_3, orc_1, orc_end, items_4, d_15, swamp_1, shoals_1,
          snake_1, spider_1, d_20, vaults_1, items_5, swamp_end, shoals_end,
          snake_end, spider_end, vaults_end, d_27, items_6, zot_1, zot_end,
          crypt_end, forest_end, elf_end, slime_end, tomb_end, abyss_end,
          pan_hell_end]

Skill      XL: |  1  2  3  4  5  6 |
---------------+-------------------+-----
Polearms       | 4 6 7 8 |  8.4
Fighting       | 5 6 8 |  8.7
Armour         | 5 6 8 |  8.6
Shields        | |  2.6

Action                   |  1- 3 |  4- 6 || total
-------------------------+-------+-------++-------
Melee: Trident           |    22 |    24 ||    46
       Halberd           |       |    30 ||    30
  Use: Potion            |       |     3 ||     3
Armor: Scale mail        |     7 |     6 ||    13
       Plate armour      |       |    26 ||    26
Dodge: Dodged            |     5 |    22 ||    27
Block: Buckler           |     5 |     7 ||    12
